General information
- name: BNet
- type: Ladder team game (AT/RT)
- host: Battle.net
- saver: BRUCEWILLISUSA
map: Cherryville
- players: 8
- length: 20:39
- speed: Fast
- version: 1.24 W3XP
- replay type: Public
» download(152 KB)
Players
team 1 (winner)
Ageist (
orange | 14 APM | 292 actions | 20:38)
2 Priestess of the Moon
1 Trueshot Aura
1 Searing Arrows
» actions
| Assign group hotkey | 3 | |
| Build / train | 17 | |
| ESC pressed | 1 | |
| Enter build submenu | 8 | |
| Enter hero's abilities submenu | 3 | |
| Right click | 73 | |
| Select / deselect | 74 | |
| Select group hotkey | 101 | |
| Use ability | 12 | |
292 total
» units
» buildings
| Moon Well | 3 | |
| Altar of Elders | 1 | |
| Ancient of War | 2 | |
| Hunter's Hall | 1 | |
7 total
» build order
00:04 Moon Well
00:06 Altar of Elders
01:00 Ancient of War
01:06 Ancient of War
01:31 Moon Well
02:20 Hunter's Hall
02:58 Moon Well
magic-pot (
red | 42 APM | 861 actions | 20:38)
4 Paladin
1 Divine Shield
1 Holy Light
2 Devotion Aura
» actions
| Assign group hotkey | 30 | |
| Basic commands | 51 | |
| Build / train | 49 | |
| Enter build submenu | 19 | |
| Enter hero's abilities submenu | 4 | |
| Right click | 304 | |
| Select / deselect | 273 | |
| Select group hotkey | 91 | |
| Use ability | 40 | |
861 total
» units
| Peasant | 8 | |
| Footman | 10 | |
| Knight | 6 | |
| Siege Engine | 5 | |
29 total
» upgrades
| Swords | 3 | |
| Plating | 3 | |
| Barrage | 1 | |
| Lumber Harvesting | 1 | |
| Animal War Training | 1 | |
| Gunpowder | 1 | |
10 total
» buildings
| Lumber Mill | 1 | |
| Altar of Kings | 1 | |
| Farm | 11 | |
| Barracks | 1 | |
| Scout Tower | 1 | |
| Guard Tower | 1 | |
| Keep | 2 | |
| Blacksmith | 1 | |
| Castle | 1 | |
| Workshop | 1 | |
21 total
» build order
00:07 Lumber Mill
00:11 Altar of Kings
00:15 Farm
00:19 Farm
00:58 Barracks
01:18 Scout Tower
01:27 Farm
01:45 Guard Tower
02:11 Farm
02:52 Keep
02:53 Keep
04:00 Blacksmith
04:06 Farm
04:49 Farm
05:15 Castle
05:32 Workshop
07:11 Farm
07:13 Farm
09:33 Farm
11:00 Farm
11:42 Farm
» items
nL.Batsman (
purple | 114 APM | 2345 actions | 20:38)
4 Blademaster
2 Wind Walk
2 Critical Strike
4 Shadow Hunter
2 Healing Wave
2 Hex
3 Tauren Chieftain
2 Endurance Aura
1 War Stomp
» actions
| Assign group hotkey | 41 | |
| Basic commands | 6 | |
| Build / train | 71 | |
| Enter build submenu | 14 | |
| Enter hero's abilities submenu | 11 | |
| Give item / drop item | 6 | |
| Right click | 1336 | |
| Select / deselect | 338 | |
| Select group hotkey | 399 | |
| Use ability | 123 | |
2345 total
» units
| Peon | 12 | |
| Grunt | 9 | |
| Spirit Walker | 1 | |
| Troll Witch Doctor | 2 | |
| Troll Headhunter/Berserker | 1 | |
| Kodo Beast | 1 | |
26 total
» upgrades
| Spirit Walker Training | 2 | |
| Witch Doctor Training | 2 | |
| Berserker Strength | 1 | |
| Reinforced Defenses | 1 | |
| Melee Weapons | 1 | |
| Armor | 2 | |
| Pillage | 1 | |
| Troll Regeneration | 1 | |
11 total
» buildings
| Altar of Storms | 1 | |
| Orc Burrow | 6 | |
| Voodoo Lounge | 2 | |
| Barracks | 1 | |
| Stronghold | 1 | |
| Spirit Lodge | 1 | |
| War Mill | 1 | |
| Fortress | 1 | |
| Beastiary | 1 | |
15 total
» build order
00:04 Altar of Storms
00:18 Orc Burrow
00:49 Voodoo Lounge
01:25 Barracks
01:48 Orc Burrow
03:59 Stronghold
04:15 Orc Burrow
07:07 Spirit Lodge
07:12 War Mill
07:15 Voodoo Lounge
09:00 Fortress
10:20 Orc Burrow
13:53 Orc Burrow
16:51 Beastiary
16:53 Orc Burrow
» items
| Healing Salve | 5 | |
| Scroll of Speed | 3 | |
| Lesser Clarity Potion | 4 | |
| Orb of Lightning | 2 | |
| Scroll of Healing | 1 | |
| Scroll of Town Portal | 2 | |
| Tiny Great Hall | 1 | |
18 total
BRUCEWILLISUSA (
yellow | 74 APM | 1528 actions | 20:39)
7 Blademaster
3 Wind Walk
3 Critical Strike
1 Bladestorm
» actions
| Assign group hotkey | 77 | |
| Basic commands | 15 | |
| Build / train | 72 | |
| ESC pressed | 2 | |
| Enter build submenu | 26 | |
| Enter hero's abilities submenu | 7 | |
| Give item / drop item | 1 | |
| Right click | 588 | |
| Select / deselect | 163 | |
| Select group hotkey | 417 | |
| Use ability | 160 | |
1528 total
» units
| Peon | 29 | |
| Troll Batrider | 12 | |
| Goblin Shredder | 1 | |
| Goblin Zeppelin | 1 | |
| Wind Rider | 3 | |
46 total
» upgrades
| Liquid Fire | 1 | |
| Reinforced Defenses | 1 | |
| Ranged Weapons | 3 | |
| Envenomed Spears | 1 | |
| Armor | 1 | |
7 total
» buildings
| Altar of Storms | 1 | |
| Orc Burrow | 9 | |
| War Mill | 1 | |
| Voodoo Lounge | 1 | |
| Watch Tower | 5 | |
| Stronghold | 2 | |
| Great Hall | 3 | |
| Fortress | 2 | |
| Beastiary | 3 | |
27 total
» build order
00:09 Altar of Storms
00:12 Orc Burrow
00:53 War Mill
01:06 Voodoo Lounge
02:18 Watch Tower
02:36 Watch Tower
03:11 Stronghold
03:11 Stronghold
04:13 Watch Tower
04:14 Watch Tower
05:03 Great Hall
05:11 Orc Burrow
05:14 Orc Burrow
06:12 Fortress
06:13 Fortress
06:54 Beastiary
06:54 Beastiary
06:57 Beastiary
07:02 Orc Burrow
07:02 Orc Burrow
11:33 Great Hall
13:52 Watch Tower
13:58 Orc Burrow
13:59 Orc Burrow
19:25 Great Hall
20:21 Orc Burrow
20:22 Orc Burrow
» items
| Lesser Clarity Potion | 2 | |
| Healing Salve | 2 | |
| Boots of Speed | 1 | |
| Circlet of Nobility | 1 | |
| Orb of Lightning | 1 | |
7 total
team 2 (loser)

»
PoutineEater (
blue | 36 APM | 612 actions | 16:59)
3 Death Knight
2 Death Coil
1 Unholy Aura
1 Lich
1 Frost Nova
» actions
| Assign group hotkey | 18 | |
| Basic commands | 35 | |
| Build / train | 34 | |
| ESC pressed | 3 | |
| Enter build submenu | 13 | |
| Enter hero's abilities submenu | 4 | |
| Right click | 274 | |
| Select / deselect | 119 | |
| Select group hotkey | 82 | |
| Use ability | 30 | |
612 total
» units
| Acolyte | 2 | |
| Ghoul | 3 | |
| Crypt Fiend | 11 | |
16 total
» upgrades
| Creature Attack | 2 | |
| Creature Carapace | 1 | |
| Web | 1 | |
4 total
» buildings
| Crypt | 1 | |
| Altar of Darkness | 1 | |
| Ziggurat | 8 | |
| Tomb of Relics | 1 | |
| Graveyard | 2 | |
| Nerubian Tower | 1 | |
| Halls of the Dead | 1 | |
| Black Citadel | 1 | |
| Sacrificial Pit | 1 | |
| Boneyard | 1 | |
| Spirit Tower | 3 | |
21 total
» build order
00:26 Crypt
00:32 Altar of Darkness
00:37 Ziggurat
00:52 Tomb of Relics
01:16 Graveyard
01:28 Graveyard
01:39 Nerubian Tower
02:08 Ziggurat
03:04 Ziggurat
04:16 Halls of the Dead
05:53 Ziggurat
08:38 Black Citadel
09:07 Sacrificial Pit
10:51 Ziggurat
11:00 Boneyard
12:46 Spirit Tower
12:47 Spirit Tower
14:11 Ziggurat
14:12 Ziggurat
14:13 Ziggurat
14:14 Spirit Tower
» items
| Dust of Appearance | 1 | |
| Scroll of Town Portal | 1 | |
2 total
F2AL3 (
pink | 129 APM | 2659 actions | 20:37)
4 Goblin Alchemist
2 Acid Bomb
2 Healing Spray
2 Mountain King
1 Storm Bolt
1 Bash
» actions
| Assign group hotkey | 9 | |
| Basic commands | 57 | |
| Build / train | 65 | |
| ESC pressed | 1 | |
| Enter build submenu | 37 | |
| Enter hero's abilities submenu | 6 | |
| Give item / drop item | 3 | |
| Right click | 601 | |
| Select / deselect | 308 | |
| Select group hotkey | 1499 | |
| Use ability | 73 | |
2659 total
» units
| Peasant | 12 | |
| Footman | 11 | |
| Gryphon Rider | 7 | |
| Rifleman | 3 | |
| Siege Engine | 2 | |
35 total
» upgrades
| Lumber Harvesting | 1 | |
| Swords | 2 | |
| Armor | 1 | |
| Animal War Training | 1 | |
| Storm Hammers | 1 | |
| Long Rifles | 1 | |
| Gunpowder | 1 | |
| Barrage | 1 | |
| Magic Sentry | 1 | |
10 total
» buildings
| Farm | 13 | |
| Altar of Kings | 1 | |
| Barracks | 1 | |
| Scout Tower | 11 | |
| Arcane Tower | 1 | |
| Keep | 1 | |
| Arcane Vault | 1 | |
| Lumber Mill | 2 | |
| Blacksmith | 1 | |
| Castle | 1 | |
| Gryphon Aviary | 2 | |
| Guard Tower | 7 | |
| Workshop | 1 | |
| Town Hall | 1 | |
| Arcane Sanctum | 1 | |
45 total
» build order
00:24 Farm
00:38 Altar of Kings
00:53 Barracks
01:00 Farm
01:07 Farm
01:47 Farm
01:57 Scout Tower
02:29 Arcane Tower
02:36 Farm
03:40 Keep
03:43 Farm
04:13 Arcane Vault
04:20 Lumber Mill
04:25 Farm
04:33 Lumber Mill
05:12 Blacksmith
06:19 Castle
06:30 Farm
06:57 Gryphon Aviary
07:18 Gryphon Aviary
08:21 Farm
09:31 Farm
10:19 Farm
11:21 Scout Tower
11:25 Scout Tower
11:53 Guard Tower
11:58 Workshop
12:00 Guard Tower
12:02 Scout Tower
13:03 Guard Tower
13:06 Farm
13:09 Scout Tower
13:49 Guard Tower
13:54 Farm
16:05 Scout Tower
16:44 Guard Tower
16:51 Scout Tower
16:59 Town Hall
17:55 Scout Tower
17:57 Guard Tower
18:23 Scout Tower
18:25 Guard Tower
18:26 Scout Tower
19:02 Arcane Sanctum
20:23 Scout Tower
» items
| Lesser Clarity Potion | 1 | |
| Scroll of Town Portal | 1 | |
2 total
DeliXiosO (
teal | 53 APM | 926 actions | 17:18)
2 Keeper of the Grove
1 Entangling Roots
1 Thorns Aura
» actions
| Assign group hotkey | 26 | |
| Basic commands | 56 | |
| Build / train | 37 | |
| ESC pressed | 2 | |
| Enter build submenu | 19 | |
| Enter hero's abilities submenu | 2 | |
| Right click | 428 | |
| Select / deselect | 243 | |
| Select group hotkey | 74 | |
| Use ability | 39 | |
926 total
» units
| Wisp | 11 | |
| Huntress | 10 | |
| Hippogryph | 9 | |
30 total
» buildings
| Altar of Elders | 1 | |
| Moon Well | 4 | |
| Ancient of War | 3 | |
| Hunter's Hall | 1 | |
| Tree of Ages | 1 | |
| Tree of Eternity | 1 | |
| Ancient of Wind | 1 | |
| Ancient of Wonders | 1 | |
| Tree of Life | 4 | |
17 total
» build order
00:10 Altar of Elders
00:20 Moon Well
01:43 Ancient of War
02:00 Hunter's Hall
02:08 Ancient of War
02:13 Ancient of War
02:26 Moon Well
03:11 Moon Well
04:27 Moon Well
07:06 Tree of Ages
09:52 Tree of Eternity
09:55 Ancient of Wind
10:40 Ancient of Wonders
12:57 Tree of Life
13:04 Tree of Life
13:09 Tree of Life
14:06 Tree of Life

»
ENlGMA (
green | 55 APM | 1135 actions | 20:33)
2 Mountain King
1 Storm Bolt
1 Bash
» actions
| Assign group hotkey | 14 | |
| Basic commands | 14 | |
| Build / train | 69 | |
| Enter build submenu | 39 | |
| Enter hero's abilities submenu | 2 | |
| Remove unit from queue | 1 | |
| Right click | 542 | |
| Select / deselect | 291 | |
| Select group hotkey | 109 | |
| Use ability | 54 | |
1135 total
» units
| Peasant | 12 | |
| Rifleman | 4 | |
| Mortar Team | 11 | |
| Sorceress | 3 | |
30 total
» upgrades
| Gunpowder | 3 | |
| Lumber Harvesting | 1 | |
| Sorceress Training | 1 | |
| Long Rifles | 1 | |
| Armor | 1 | |
| Fragmentation Shards | 1 | |
| Flare | 1 | |
9 total
» buildings
| Altar of Kings | 1 | |
| Farm | 11 | |
| Lumber Mill | 1 | |
| Barracks | 1 | |
| Scout Tower | 11 | |
| Blacksmith | 1 | |
| Arcane Tower | 1 | |
| Keep | 1 | |
| Guard Tower | 23 | |
| Workshop | 2 | |
| Arcane Sanctum | 1 | |
| Castle | 1 | |
55 total
» build order
00:10 Altar of Kings
00:24 Farm
01:14 Farm
01:16 Farm
01:37 Lumber Mill
02:04 Barracks
02:14 Scout Tower
02:21 Blacksmith
02:31 Farm
02:33 Farm
02:43 Arcane Tower
03:25 Keep
04:22 Farm
04:38 Farm
05:11 Farm
05:26 Scout Tower
05:57 Guard Tower
05:57 Guard Tower
05:57 Guard Tower
05:59 Scout Tower
06:03 Workshop
07:10 Workshop
07:11 Guard Tower
07:11 Guard Tower
07:21 Arcane Sanctum
07:33 Farm
08:20 Castle
08:23 Scout Tower
08:50 Farm
08:55 Guard Tower
08:57 Scout Tower
09:36 Guard Tower
09:42 Farm
11:35 Scout Tower
13:37 Guard Tower
13:39 Scout Tower
14:25 Guard Tower
14:25 Guard Tower
14:27 Scout Tower
15:17 Guard Tower
15:17 Guard Tower
15:18 Scout Tower
15:50 Guard Tower
15:53 Scout Tower
16:06 Scout Tower
16:25 Guard Tower
16:26 Guard Tower
17:15 Guard Tower
17:16 Guard Tower
Chat log
(00:19 / All) PoutineEater: ???
(00:24 / Allies) magic-pot: magic!
(00:32 / Allies) nL.Batsman: harassing
(00:37 / Allies) magic-pot: k
(00:40 / Allies) nL.Batsman: orc heavy ground
(00:45 / Allies) nL.Batsman: grunts/docs/walkers/tauren
(00:47 / Allies) BRUCEWILLISUSA: 13ats
(00:48 / Allies) magic-pot: knights and siege
(01:02 / Allies) magic-pot: lol
(02:59 / Allies) magic-pot: coming
(03:23 / Allies) Ageist: brb
(05:45 / Allies) magic-pot: coming
(06:05 / Allies) magic-pot: fuck lets go footies
(06:22 / Allies) Ageist: ........
(06:39 / Allies) Ageist: gj
(07:24 / Allies) Ageist: where the hell did my main go?
(07:30 / Allies) magic-pot: wtf
(07:32 / Allies) magic-pot: u got attacked oj?
(07:35 / Allies) Ageist: no
(07:45 / Allies) Ageist: idk what happened
(07:50 / Allies) magic-pot: lol
(07:53 / Allies) Ageist: i left and gave control and i come back
(07:53 / Allies) magic-pot: wow
(07:56 / Allies) Ageist: and all my shit is messed up
(07:58 / Allies) magic-pot: didnt touch anything
(08:53 / Allies) magic-pot: tp to whoever they go to
(10:15 / Allies) magic-pot: forget oj
(10:17 / Allies) magic-pot: he hasnothing
(10:23 / Allies) magic-pot: yellow
(10:26 / Allies) magic-pot: what did u do with his stuff
(10:28 / Allies) Ageist: idk why... gonna have to watch replau
(10:29 / Allies) Ageist: replay
(11:44 / Allies) Ageist: someone take my mine...
(13:17 / Allies) magic-pot: cc
(13:33 / Allies) Ageist: takemy mineeeee
(13:49 / Allies) magic-pot: goign to buy tp quick
(14:08 / Allies) BRUCEWILLISUSA: good job repairing you fucking dolt
(14:11 / Allies) BRUCEWILLISUSA: youre really quick
(14:24 / Allies) magic-pot: go topink
(14:53 / Allies) BRUCEWILLISUSA: get hte main with tnaks
(14:59 / Allies) magic-pot: k
(15:36 / Allies) nL.Batsman: red b
(15:37 / Allies) nL.Batsman: b
(15:46 / Allies) nL.Batsman: to another base
(15:47 / Allies) nL.Batsman: they're stuck
(15:52 / Allies) Ageist: lol
(17:01 / All) BRUCEWILLISUSA: rofl
(17:04 / Allies) Ageist: wowwww
(17:05 / Allies) nL.Batsman: nice job guys
(17:17 / All) BRUCEWILLISUSA: massing zombies down
(17:19 / All) BRUCEWILLISUSA: bats pro up
(17:23 / Allies) Ageist: you guys wouldnt have won without me
(17:27 / Allies) Ageist: just sayin
(17:29 / Allies) BRUCEWILLISUSA: ...
(17:39 / Allies) BRUCEWILLISUSA: you should have stayed afk
(17:41 / Allies) BRUCEWILLISUSA: dumb noob
(17:44 / Allies) BRUCEWILLISUSA: i bsed your base
(17:46 / Allies) BRUCEWILLISUSA: i would do it again too
(17:51 / Allies) Ageist: i figured
(19:46 / Allies) magic-pot: purple can i have 500 gold plz
(19:52 / Allies) magic-pot: or yellow
(19:55 / Allies) magic-pot: thx
(20:00 / Allies) BRUCEWILLISUSA: set aw ard
(20:35 / All) BRUCEWILLISUSA: rofl